 Dungeon Crawl Stone Soup version 0.30-a0-557-ge2afbf3030 (webtiles) character file.

Game seed: 4023238609382395018

33523 sokol815 the Unseen (level 14, -4/96 HPs)
             Began as a Kobold Delver on Dec 27, 2022.
             Was an Initiate of Gozag.
             Slain by a catoblepas (25 damage)
             ... on level 3 of the Lair of Beasts.
             The game lasted 00:45:36 (19897 turns).

sokol815 the Unseen (Kobold Delver)                Turns: 19897, Time: 00:45:37

Health: -4/96      AC:  9    Str: 10    XL:     14   Next: 8%
Magic:  14/14      EV: 27    Int: 11    God:    Gozag
Gold:   624        SH:  0    Dex: 21    Spells: 13/13 levels left

rFire   + + .      SeeInvis .    b - +1 short sword (spect)
rCold   + . .      Faith    .    (no shield)
rNeg    . . .      Spirit   .    Q - +2 leather armour {rPois}
rPois   +          Reflect  .    y - +1 hat {Stlth+}
rElec   .          Harm     .    R - scarf {rC+ rF+}
rCorr   .          Rampage  .    (no gloves)
Will    +....                    L - +2 pair of boots
Stlth   ++++++++                 (no amulet)
HPRegen 0.36/turn                H - ring of flight {+Fly, !d}
MPRegen 0.14/turn                r - ring of protection from fire {rF+, !d}

@: gold aura, flying
A: small, no large weapons, nightstalker 3
a: Renounce Religion, Potion Petition, Call Merchant, Bribe Branch


You were on level 3 of the Lair of Beasts.
You worshipped Gozag.
Gozag was pleased with you.
You visited 3 branches of the dungeon, and saw 15 of its levels.
You also visited: Ossuary and Volcano.

You collected 3520 gold pieces.
You spent 720 gold pieces at shops.
You paid 2176 gold pieces to Gozag.

Inventory:

Hand Weapons
 a - a +3 dagger of speed
   (You took it off a kobold on level 1 of the Dungeon)
 b - a +1 spectral short sword (weapon)
 c - a +1 dagger of holy wrath
   (You took it off an orc wizard on level 6 of the Dungeon)
 u - a +0 rapier of draining
   (You took it off Eustachio on level 4 of the Dungeon)
Missiles
 p - 9 curare-tipped darts
 s - 5 stones
 z - 2 datura-tipped darts
Armour
 f - a +2 robe of fire resistance
   (You took it off an orc sorcerer in a volcano)
 i - a scarf of shadows
   (You found it on level 1 of the Dungeon)
 k - +0 fire dragon scales
   (You found it in a volcano)
 x - a +2 scale mail of fire resistance
   (You found it in a volcano)
 y - a +1 hat of stealth (worn)
   (You took it off Gastronok on level 3 of the Lair of Beasts)
 L - a +2 pair of boots (worn)
   (You found it on level 10 of the Dungeon)
 Q - a +2 leather armour of poison resistance (worn)
   (You bought it in a shop on level 2 of the Lair of Beasts)
 R - a scarf of resistance (worn)
   (You bought it in a shop on level 2 of the Lair of Beasts)
Jewellery
 r - a ring of protection from fire (right hand) {rF+, !d}
   (You found it on level 8 of the Dungeon)
 v - a +4 ring of evasion
   (You found it on level 7 of the Dungeon)
 A - a ring of protection from cold {rC+, !d}
   (You found it on level 1 of the Dungeon)
 C - a ring of protection from cold {rC+, !d}
   (You found it on level 1 of the Dungeon)
 F - a ring of protection from fire {rF+, !d}
   (You found it on level 5 of the Dungeon)
 H - a ring of flight (left hand) {+Fly, !d}
   (You found it on level 2 of the Lair of Beasts)
Wands
 d - a wand of digging (4)
 e - a wand of charming (1)
   (You found it on level 2 of the Lair of Beasts)
 j - a wand of roots (8)
   (You found it on level 1 of the Lair of Beasts)
 q - a wand of flame (48)
   (You found it on level 4 of the Dungeon)
Scrolls
 m - 3 scrolls of amnesia
 n - 5 scrolls of fog
 t - a scroll of enchant armour
 D - a scroll of blinking {!r}
 E - 2 scrolls of fear
 O - 2 scrolls of silence
 X - 3 scrolls of magic mapping {@r4!r}
 Y - 9 scrolls of teleportation {@r3}
Potions
 h - a potion of flight {unknown}
 l - a potion of resistance {unknown}
 o - 3 potions of magic
 B - 5 potions of brilliance
 G - a potion of ambrosia {!q}
 I - a potion of attraction {unknown}
 J - 6 potions of curing {@q1}
 K - 3 potions of cancellation
 M - 3 potions of might
 P - 5 potions of lignification {!q}
 T - 2 potions of berserk rage {!q}
 U - 4 potions of mutation {!q}
Miscellaneous
 g - a tin of tremorstones (2/2)
   (You found it on level 10 of the Dungeon)
 w - a phial of floods
   (You found it in a volcano)


   Skills:
 + Level 14.1 Fighting
 - Level 10.0 Short Blades
 - Level 16.0 Dodging
 - Level 16.0 Stealth
 * Level 7.5 Evocations


You had 13 spell levels left.
You didn't know any spells.
Your spell library contained the following spells:

 Spells                   Type           Power      Damage    Failure   Level
 Necrotise                Necr           0%         1d4       43%         1
 Sting                    Tmut/Pois      0%         1d3       43%         1
 Cigotuvi's Dreadful Rot  Necr/Pois/Air  0%         N/A       58%         2
 Poisonous Vapours        Pois/Air       0%         N/A       58%         2
 Static Discharge         Conj/Air       0%         2-2/arc   58%         2
 Mephitic Cloud           Conj/Pois/Air  0%         N/A       82%         3
 Stone Arrow              Conj/Erth      0%         3d7       82%         3
 Tukima's Dance           Hex            0%         N/A       82%         3
 Vampiric Draining        Necr           0%         2d6       82%         3
 Vhi's Electric Charge    Tloc/Air       0%         N/A       82%         3
 Animate Armour           Summ/Erth      0%         N/A       99%         4
 Olgreb's Toxic Radiance  Pois           0%         N/A       99%         4
 Passage of Golubria      Tloc           0%         N/A       99%         4
 Agony                    Necr           0%         N/A       100%        5
 Arcjolt                  Conj/Air       0%         1d10      100%        5
 Lightning Bolt           Conj/Air       0%         1d11      100%        5
 Yara's Violent Unravell  Hex/Tmut       0%         3d3       100%        5
 Lehudib's Crystal Spear  Conj/Erth      0%         10d2      100%        8


Dungeon Overview and Level Annotations

Branches:
Dungeon (11/15) Zot: 25579  Temple (1/1) D:5 Zot: 5877    Lair (3/5) D:11 Zot: 14225
  Swamp (0/4) Lair:2       Spider (0/4) Lair:3          Orc (0/2) D:11
Ossuary (visited)         Volcano (visited)

Altars:
Ashenzari
Cheibriados
Dithmenos
Elyvilon
Fedhas
Gozag
Hepliaklqana
Kikubaaqudgha
Makhleb
Nemelex Xobeh
Okawaru
Qazlal
Ru
Sif Muna
Trog
Uskayaw
Vehumet
Wu Jian
Xom
Yredelemnul
Zin
The Shining One

Shops:
D:10 (   Lair:2 ([

Annotations:
D:4 1 runed translucent door, Menkaure
D:6 1 runed translucent door, Darkkill's ghost, novice MiHu
D:10 3 runed translucent doors, purpskrrrp's ghost, journeyman TrFi
Lair:2 1 runed translucent door, Coguiqiqih's ghost, journeyman DrCA


Innate Abilities, Weirdness & Mutations

You are small and have problems with some larger weapons.
You are completely attuned to the shadows.


Message History

You regained 6 hp, and now have 26/96 hp.
You feel yourself speed up.
The jumping spider pounces on something!!
The jumping spider bites something.
You start resting.
You recover from your berserk rage.
You start resting.
A cane toad comes into view.
A cane toad is nearby!
The cane toad gives a loud, deep croak!
You hit the cane toad.
Your +1 spectral short sword hits the cane toad.
The cane toad completely misses you.
You closely miss the cane toad.
Your +1 spectral short sword hits the cane toad!
The cane toad completely misses you.
You hit the cane toad but do no damage.
Your +1 spectral short sword hits the cane toad but does no damage.
You hit the cane toad but do no damage.
Your +1 spectral short sword hits the cane toad.
The cane toad completely misses you.
You puncture the cane toad!
Your +1 spectral short sword hits the cane toad but does no damage.
You hit the cane toad but do no damage.
Your +1 spectral short sword hits the cane toad but does no damage.
The cane toad stings you.
You take 6 damage, and have 34/96 hp.
You hit the cane toad.
Your +1 spectral short sword hits the cane toad.
You kill the cane toad!
You start resting.
A black mamba is nearby!
You regained 12 hp, and now have 46/96 hp.
The black mamba bites you. The black mamba completely misses you.
You take 2 damage, and have 46/96 hp.
The catoblepas bellows!
You puncture the black mamba!
Your +1 spectral short sword closely misses the black mamba.
The black mamba misses you.
You closely miss the black mamba.
Your +1 spectral short sword hits the black mamba but does no damage.
The black mamba misses you.
You miss the black mamba.
Your +1 spectral short sword hits the black mamba.
The black mamba barely misses you.
You hit the black mamba.
Your +1 spectral short sword barely misses the black mamba.
The black mamba completely misses you.
You closely miss the black mamba.
You punch the black mamba, but do no damage.
Your +1 spectral short sword hits the black mamba.
The black mamba barely misses you.
You hit the black mamba.
Your +1 spectral short sword hits the black mamba but does no damage.
You completely miss the black mamba.
Your +1 spectral short sword hits the black mamba.
The black mamba bites you but does no damage.
You barely miss the black mamba.
Your +1 spectral short sword hits the black mamba but does no damage.
The black mamba closely misses you.
The catoblepas breathes a plume of calcifying dust at you.
The blast of calcifying dust hits you.
You take 4 damage, and have 44/96 hp.
The black mamba bites you! x2
* * * LOW HITPOINT WARNING * * *
The catoblepas breathes a plume of calcifying dust at you.
The blast of calcifying dust hits you.
* * * LOW HITPOINT WARNING * * *
You take 24 damage, and have 20/96 hp.
MASSIVE DAMAGE!!
The black mamba attacks as you move away!
The black mamba bites you!
* * * LOW HITPOINT WARNING * * *
The black mamba completely misses you.
You take 7 damage, and have 13/96 hp.
You closely miss the black mamba.
Your +1 spectral short sword hits the black mamba!
The black mamba misses you.
You hit the black mamba.
You kill the black mamba!
The catoblepas completely misses you.
You hit the catoblepas.
Your +1 spectral short sword hits the catoblepas but does no damage.
You hit the catoblepas but do no damage.
Your +1 spectral short sword hits the catoblepas.
The catoblepas breathes a plume of calcifying dust at you.
The blast of calcifying dust hits you.
* * * LOW HITPOINT WARNING * * *
You take 5 damage, and have 9/96 hp.
The catoblepas breathes a plume of calcifying dust at you.
The blast of calcifying dust hits you but does no damage.
Okay, then.
You feel better.
The catoblepas breathes a plume of calcifying dust at you.
The blast of calcifying dust hits you but does no damage.
You regained 11 hp, and now have 21/96 hp.
The catoblepas attacks as you move away!
The catoblepas gores you!!
You die...
Your body crumbles into a pile of gold.

### #.## ##.#..s.P..###.... *
♣♣.♣♣#..# ###...###.##.....
**♣♣♣♣...♣#.P######.###
###......
,,..........)...##..#
##...#...
***♣♣♣...♣#.....##..#
##...##... *
♣♣.♣♣#.......#.####...###...
**###*#...§....$.#..[...###..
*****,,,,,#....§.§..##....#.#
###
,,,**,***,#.....@§...#.§...##
,~,**,,,,,#...>..Y§§#.§....##
,,,**,**+*#.......§§$...#...#
,,,**,*,,*#............#.#.##
,,,**,*,,*#............#####
**,**,*,**#.............#
$**,,,*+*,#.........?.###
**,****,*,#............# ,,,*
*,,*,#............##


You could see a catoblepas.

Vanquished Creatures
  Gastronok (Lair:3)
  6 two-headed ogres
  2 hydras
  Urug (Lair:2)
  A sun demon (Volcano)
  2 bog bodies (Lair:2)
  An orc knight (D:10)
  An orc sorcerer (Volcano)
  An ugly thing (Volcano)
  3 black mambas
  A gargoyle (Volcano)
  A molten gargoyle (Volcano)
  6 cane toads
  A torpor snail (Lair:1)
  Psyche (D:9)
  An unseen horror (D:10)
  2 rime drakes
  6 komodo dragons
  3 trolls
  2 red devils (Volcano)
  Grinder (D:4)
  A hornet (D:10)
  5 blink frogs
  3 jumping spiders (Lair:3)
  A shadow (D:11)
  3 culicivoras (Lair:3)
  Eustachio (D:4)
  47 yaks
  2 wyverns
  3 wraiths
  4 basilisks
  4 steam dragons
  3 vampire mosquitoes (D:10)
  4 water moccasins
  5 orc warriors
  2 ice beasts (D:11)
  3 sky beasts
  4 black bears
  A wolf (D:11)
  4 ogres
  4 centaurs
  2 phantoms (D:5)
  10 bullfrogs
  A necrophage (D:6)
  A gnoll sergeant (D:7)
  3 scorpions
  13 wights
  11 killer bees
  2 howler monkeys
  2 electric eels
  3 lava snakes (Volcano)
  2 hounds (D:5)
  3 jellies
  3 orc priests
  Natasha (D:3)
  Terence (D:2)
  2 iguanas (D:6)
  8 orc wizards
  A mummy (Ossuary)
  7 gnolls
  13 adders
  A river rat (D:5)
  3 shadow imps
  2 white imps (D:6)
  4 ufetubi
  4 worms
  42 orcs
  2 spectral bats (Ossuary)
  8 ball pythons
  11 endoplasms
  9 giant cockroaches
  12 gnoll zombies (Ossuary)
  6 goblins
  14 hobgoblins
  4 quokkas
  7 bats
  2 bat simulacra (Ossuary)
  6 frilled lizards
  2 goblin simulacra (Ossuary)
  6 goblin zombies (Ossuary)
  7 hobgoblin zombies (Ossuary)
  10 kobolds
  3 kobold simulacra (Ossuary)
  A kobold zombie (Ossuary)
  4 orc zombies (Ossuary)
  A quokka zombie (D:8)
  10 rats
  3 rat simulacra (Ossuary)
  A rat zombie (D:8)
  6 spectral goblins (Ossuary)
  2 spectral kobolds (Ossuary)
  2 spectral rats (Ossuary)
432 creatures vanquished.

Vanquished Creatures (others)
  14 fungi
  47 plants
  2 withered plants (Lair:2)
63 creatures vanquished.

Grand Total: 495 creatures vanquished

Notes
Turn   | Place    | Note
-------+----------+-------------------------------------------
     0 | D:5      | sokol815 the Kobold Delver began the quest for the Orb.
     0 | D:5      | Reached XP level 1. HP: 14/14 MP: 1/1
    14 | D:4      | Noticed an ogre
    14 | D:4      | Noticed an orc wizard
    14 | D:4      | Noticed an orc priest
    80 | D:2      | Reached skill level 3 in Short Blades
   164 | D:2      | Reached XP level 2. HP: 19/19 MP: 2/2
   291 | D:1      | Reached skill level 4 in Short Blades
   728 | D:1      | Reached XP level 3. HP: 23/23 MP: 3/3
  1378 | D:2      | Reached skill level 5 in Short Blades
  1441 | D:2      | Noticed Terence
  1445 | D:2      | Killed Terence
  1446 | D:2      | Reached XP level 4. HP: 28/28 MP: 4/4
  1650 | D:2      | Reached skill level 6 in Short Blades
  2038 | D:3      | Reached XP level 5. HP: 32/32 MP: 5/5
  2218 | D:3      | Reached skill level 7 in Short Blades
  2735 | D:3      | Found a faded altar of an unknown god.
  3244 | D:4      | Reached XP level 6. HP: 30/37 MP: 6/6
  3335 | D:4      | Noticed Grinder
  3338 | D:4      | Killed Grinder
  3339 | D:4      | Reached skill level 9 in Short Blades
  3339 | D:4      | Reached XP level 7. HP: 41/41 MP: 7/7
  3394 | D:4      | Noticed Menkaure
  3402 | D:4      | HP: 5/41 [Menkaure (20)]
  3407 | D:4      | HP: 9/41 [Menkaure/nerve-wracking pain (7)]
  3554 | D:4      | Found a sacrificial altar of Ru.
  3647 | D:4      | Noticed Eustachio
  3649 | D:4      | Killed Eustachio
  3650 | D:4      | Reached skill level 10 in Short Blades
  3799 | D:4      | Reached skill level 3 in Dodging
  3799 | D:4      | Reached skill level 7 in Stealth
  3913 | D:4      | Noticed a steam dragon
  3915 | D:4      | Noticed Natasha
  3924 | D:4      | Killed a steam dragon
  3925 | D:4      | Reached skill level 4 in Fighting
  3925 | D:4      | Reached XP level 8. HP: 43/48 MP: 8/8
  3941 | D:3      | Killed Natasha
  4071 | D:4      | Reached skill level 4 in Dodging
  4344 | D:4      | Found a runed translucent door.
  4384 | D:4      | Reached skill level 8 in Stealth
  4728 | D:5      | Reached skill level 5 in Fighting
  4866 | D:5      | Reached skill level 5 in Dodging
  5092 | D:5      | Reached skill level 6 in Fighting
  5092 | D:5      | Reached skill level 6 in Dodging
  5092 | D:5      | Reached XP level 9. HP: 47/55 MP: 9/9
  5657 | D:5      | Reached skill level 7 in Dodging
  5860 | D:5      | Found a bloodstained altar of Trog.
  5861 | D:5      | Found a sparkling altar of Nemelex Xobeh.
  5861 | D:5      | Found a burning altar of Makhleb.
  5862 | D:5      | Found a shimmering altar of Xom.
  5956 | D:5      | Found a staircase to the Ecumenical Temple.
  5968 | Temple   | Entered the Ecumenical Temple
  5972 | Temple   | Found a transporter.
  5972 | Temple   | Found a transporter.
  5974 | Temple   | Found a transporter.
  5974 | Temple   | Found a transporter.
  6014 | Temple   | Became a worshipper of Gozag Ym Sagoz the Greedy
  6322 | D:6      | Reached skill level 8 in Dodging
  6536 | D:6      | Found a runed translucent door.
  6536 | D:6      | Noticed Darkkill's ghost (novice MiHu)
  6587 | D:6      | Reached skill level 9 in Dodging
  6631 | D:6      | Found a stormy altar of Qazlal.
  6939 | D:6      | Reached skill level 10 in Dodging
  7326 | D:6      | Reached skill level 7 in Fighting
  7728 | D:7      | Reached XP level 10. HP: 64/64 MP: 10/10
  7846 | D:7      | Reached skill level 8 in Fighting
  7981 | D:7      | Reached skill level 9 in Fighting
  8512 | D:8      | Found a sand-covered staircase.
  8535 | Ossuary  | Entered an ossuary
  9137 | D:8      | Reached skill level 9 in Stealth
  9533 | D:8      | Reached skill level 10 in Fighting
  9610 | D:8      | Noticed a two-headed ogre
  9619 | D:8      | HP: 12/68 [two-headed ogre/+0 giant club (7)]
  9622 | D:8      | Killed a two-headed ogre
  9623 | D:8      | Reached skill level 10 in Stealth
 10084 | D:8      | Reached skill level 11 in Stealth
 10721 | D:9      | Noticed Psyche
 10724 | D:9      | Killed Psyche
 10725 | D:9      | Reached skill level 12 in Stealth
 10803 | D:9      | Reached XP level 11. HP: 72/72 MP: 11/11
 10829 | D:9      | Reached skill level 13 in Stealth
 10928 | D:9      | Noticed a two-headed ogre
 10941 | D:9      | Killed a two-headed ogre
 10942 | D:9      | Reached skill level 14 in Stealth
 11224 | D:9      | Noticed a two-headed ogre
 11227 | D:9      | Killed a two-headed ogre
 11228 | D:9      | Reached skill level 15 in Stealth
 11630 | D:10     | Entered Level 10 of the Dungeon
 11673 | D:10     | Reached skill level 16 in Stealth
 11911 | D:10     | Found a runed translucent gate.
 12036 | D:10     | Found an ancient bone altar of Kikubaaqudgha.
 12063 | D:10     | Reached skill level 11 in Dodging
 12504 | D:10     | Noticed a two-headed ogre
 12516 | D:9      | Killed a two-headed ogre
 12578 | D:10     | Reached XP level 12. HP: 65/77 MP: 12/12
 12586 | D:9      | Reached skill level 12 in Dodging
 13569 | D:10     | Found a runed translucent gate.
 13569 | D:10     | Found a runed translucent gate.
 13652 | D:10     | Noticed purpskrrrp's ghost (journeyman TrFi)
 13894 | D:11     | Found a staircase to the Orcish Mines.
 13982 | D:11     | Reached skill level 13 in Dodging
 14038 | D:11     | Noticed a two-headed ogre
 14095 | D:11     | Killed a two-headed ogre
 14165 | D:11     | Noticed a two-headed ogre
 14175 | D:11     | Killed a two-headed ogre
 14176 | D:11     | Reached skill level 14 in Dodging
 14453 | D:11     | Found a staircase to the Lair.
 14726 | D:11     | Reached skill level 15 in Dodging
 15289 | Lair:1   | Entered Level 1 of the Lair of Beasts
 15715 | Lair:1   | Reached skill level 16 in Dodging
 15936 | Lair:1   | Reached XP level 13. HP: 83/83 MP: 13/13
 16022 | Lair:1   | Reached skill level 11 in Fighting
 16435 | Lair:1   | You fall into a shaft and drop 1 floor!
 16451 | Lair:2   | Found a runed translucent door.
 16451 | Lair:2   | Noticed Coguiqiqih's ghost (journeyman DrCA)
 16868 | Lair:2   | Found a staircase to the Swamp.
 16871 | Lair:2   | Noticed a seven-headed hydra
 16883 | Lair:2   | Killed a seven-headed hydra
 16884 | Lair:2   | Reached skill level 12 in Fighting
 17004 | Lair:2   | Noticed Urug
 17007 | Lair:2   | Killed Urug
 17091 | Lair:2   | Reached skill level 13 in Fighting
 17567 | Lair:2   | Reached skill level 1 in Evocations
 17827 | Lair:2   | Bought a +2 leather armour of poison resistance for 240
                  | gold pieces
 17827 | Lair:2   | Bought a scarf of resistance for 480 gold pieces
 17945 | Lair:3   | Found a dark tunnel.
 17962 | Volcano  | Entered a volcano
 18005 | Volcano  | Found a radiant altar of Vehumet.
 18022 | Volcano  | HP: 14/88 [red devil/+2 trident of flaming (18)]
 18185 | Volcano  | Reached skill level 2 in Evocations
 18284 | Volcano  | Reached skill level 3 in Evocations
 18483 | Volcano  | Reached skill level 4 in Evocations
 18694 | Lair:3   | Noticed Gastronok
 18721 | Lair:3   | Killed Gastronok
 18722 | Lair:3   | Reached skill level 5 in Evocations
 19035 | Lair:3   | Reached skill level 6 in Evocations
 19220 | Lair:3   | Noticed a four-headed hydra
 19249 | Lair:3   | Killed a four-headed hydra
 19307 | Lair:3   | Noticed a catoblepas
 19308 | Lair:3   | Noticed a catoblepas
 19331 | Lair:3   | Reached XP level 14. HP: 81/95 MP: 14/14
 19339 | Lair:3   | HP: 22/95 [catoblepas (31)]
 19348 | Lair:3   | HP: 9/95 [catoblepas (17)]
 19712 | Lair:3   | Reached skill level 7 in Evocations
 19720 | Lair:3   | Found a hole to the Spider Nest.
 19735 | Lair:3   | Reached skill level 14 in Fighting
 19749 | Lair:3   | HP: 22/96 [jumping spider (4)]
 19750 | Lair:3   | HP: 9/96 [culicivora (9)]
 19756 | Lair:3   | HP: 24/144 [culicivora (20)]
 19758 | Lair:3   | HP: 11/144 [jumping spider (14)]
 19887 | Lair:3   | HP: 23/96 [black mamba (12)]
 19892 | Lair:3   | HP: 9/96 [catoblepas/blast of calcifying dust (5)]
 19897 | Lair:3   | Slain by a catoblepas

Illustrated notes

Levels and vault maps discovered:
D:1:      eino_arrival_tree_alley, layout_basic, minmay_hexomino_p4
D:2:      layout_rooms, uniq_terence
D:3:      minmay_razor_zed, layout_basic, nicolae_ecumenical_snake_handling,
          grunt_decor_clamped
D:4:      layout_loops_cross, nicolae_ru_sacrificial_ziggurat,
          minmay_crystal_room, minmay_bent, uniq_menkaure, uniq_grinder,
          uniq_eustachio, uniq_crazy_yiuf_cottage, uniq_natasha
D:5:      layout_loops_corners, chequers_temple_overflow_statue_of_worship,
          minmay_temple_entry_junction, portal_sewer_entry_e, dk_noncrumbling_4,
          grunt_ministairs_11, minmay_misc_feat_room
D:6:      layout_loops_cross, mainiacjoe_overflow_six_doors_small,
          hellmonk_ghost_happy_afterlife
D:7:      layout_loops_ring
D:8:      layout_basic, enter_ossuary_4
D:9:      hellmonk_destroyed_diamonds, layout_basic, uniq_psyche
D:10:     cheibrodos_orc_bank, layout_stronghold, mainiacjoe_overflow_chevrons,
          ebering_ghost_rock_garden, nicolae_concentric_dashed_squares_wild,
          grunt_ministairs_1, serial_bayou_lagoon_a, minmay_misc_feat_plants,
          st_stairs_8
D:11:     layout_loops_ring, hellmonk_lair_entry_icy, orc_0_dummy
Temple:   hellmonk_temple_divided_pantheon
Lair:1:   layout_long_grid, eino_small_chamber_without_monster
Lair:2:   layout_concentric_octagons, skrybe_swamp_entry_bodies,
          gammafunk_ghost_grave, uniq_urug
Lair:3:   nzn_winding_woodlands_large [nzn_winding_woodlands_5x5_open_star,
          nzn_winding_woodlands_5x15_garden,
          nzn_winding_woodlands_5x5_perimeter,
          nzn_winding_woodlands_center_lodge,
          nzn_winding_woodlands_15x15_five_gardens,
          nzn_winding_woodlands_center_diamonds,
          nzn_winding_woodlands_5x5_checkerboard,
          nzn_winding_woodlands_5x15_eye, nzn_winding_woodlands_hourglass],
          layout_cave_pods, nicolae_spider_entry_tight_spaces,
          nicolae_volcano_entry_hallway, beast_lair_carwin_11, uniq_gastronok

Skill      XL: |  1  2  3  4  5  6  7  8  9 10 11 12 13 14 |
---------------+-------------------------------------------+-----
Short Blades   | 3 4 5 6 7 9 10 | 10.0
Dodging        | 3 6 10 11 16 | 16.0
Stealth        | 7 8 12 16 | 16.0
Fighting       | 4 6 7 10 13 14 | 14.1
Evocations     | 6 7 |  7.5

Action                   |  1- 3 |  4- 6 |  7- 9 | 10-12 | 13-15 || total
-------------------------+-------+-------+-------+-------+-------++-------
Melee: Whip              |    22 |       |       |       |       ||    22
       Dagger            |    62 |    87 |     5 |     6 |       ||   160
       Punch             |     1 |       |     6 |     7 |     6 ||    20
       Short sword       |       |    31 |   236 |   621 |   315 ||  1203
Throw: Stone             |     1 |       |       |       |       ||     1
Invok: Call Merchant     |       |       |       |     1 |     2 ||     3
       Potion Petition   |       |       |       |       |     1 ||     1
Evoke: Wand              |       |       |       |     3 |     1 ||     4
  Use: Scroll            |     1 |     9 |     4 |     9 |     4 ||    27
       Potion            |       |       |     2 |       |     6 ||     8
 Stab: Sleeping          |    19 |    18 |    32 |    72 |    25 ||   166
       Distracted        |       |     1 |     9 |    25 |    10 ||    45
       Petrified         |       |       |       |       |     1 ||     1
Armor: Leather armour    |     8 |     9 |    19 |    23 |    21 ||    80
Dodge: Dodged            |    26 |    37 |    90 |   330 |   230 ||   713

Table legend: (Time is in decaauts)
 A = Elapsed time spent in this place.
 B = Non-inter-level travel time spent in this place.
 C = Inter-level travel time spent in this place.
 D = Time resting spent in this place.
 E = Time spent auto-exploring this place.
 F = Levels seen in this place.
 G = Mean time per level.
                   A        B        C        D        E       F      G
               +--------+--------+--------+--------+--------+-----+--------+
         Total |  19283 |  18751 |    532 |   2540 |  13400 |  17 | 1134.3 |
       Dungeon |  14263 |  13856 |    407 |   1650 |  10554 |  11 | 1296.6 |
        Temple |    122 |     71 |     51 |      0 |     54 |   1 |  122.0 |
          Lair |   3774 |   3700 |     74 |    529 |   2445 |   3 | 1258.0 |
       Ossuary |    448 |    448 |      0 |      0 |    321 |   1 |  448.0 |
       Volcano |    673 |    673 |      0 |    360 |     26 |   1 |  673.0 |
               +--------+--------+--------+--------+--------+-----+--------+

Top non-repeatable levels by time:
    D:10: 1825 daAuts
     D:3: 1609 daAuts
     D:8: 1530 daAuts
     D:5: 1448 daAuts
  Lair:2: 1444 daAuts
    D:11: 1420 daAuts
     D:9: 1337 daAuts
  Lair:1: 1288 daAuts
     D:6: 1285 daAuts
     D:4: 1214 daAuts
     D:1: 1165 daAuts
  Lair:3: 1041 daAuts
     D:7: 827 daAuts
 Volcano: 673 daAuts
     D:2: 598 daAuts

Table legend:
 A = Kills in this place as a percentage of kills in entire the game.
 B = Kills by you in this place as a percentage of kills by you in the entire game.
 C = Kills by friends in this place as a percentage of kills by friends in the entire game.
 D = Other kills in this place as a percentage of other kills in the entire game.
 E = Experience gained in this place as a percentage of experience gained in the entire game.
 F = Experience gained in this place divided by the number of levels of this place that you have seen.
                   A       B       C       D       E      F
               +-------+-------+-------+-------+-------+----------------------
         Total | 100.0 | 100.0 |   N/A |   N/A | 100.0 | 2817.1
       Dungeon |  70.1 |  70.1 |   N/A |   N/A |  49.7 | 2163.1
          Lair |  15.3 |  15.3 |   N/A |   N/A |  42.8 | 6832.0
       Ossuary |  12.3 |  12.3 |   N/A |   N/A |   0.2 |  84.0
       Volcano |   2.3 |   2.3 |   N/A |   N/A |   7.3 | 3517.0
               +-------+-------+-------+-------+-------+----------------------
